 Dungeon Crawl Stone Soup version 0.27-b1-42-g19c61b19a5 (webtiles) character file.

Game seed: 18149594789918271801

2699 DildoBatman the Covert (level 9, -2/61 HPs)
             Began as a Formicid Conjurer on July 28, 2021.
             Was a Follower of Kikubaaqudgha.
             Slain by a small abomination (19 damage)
             ... created by the touch of Lugonu
             ... in a bailey.
             The game lasted 00:34:31 (7202 turns).

DildoBatman the Covert (Formicid Conjurer)          Turns: 7202, Time: 00:34:31

Health: -2/61      AC:  4    Str:  8 (11) XL:     9   Next: 97%
Magic:  16/19      EV: 12    Int: 17 (19) God:    Kikubaaqudgha [*.....]
Gold:   345        SH:  0    Dex: 10 (12) Spells: 19/22 levels left

rFire    + . .     SeeInvis +   a - +2 dagger (venom)
rCold    . . .     Faith    .   (no shield)
rNeg     . . .     Spirit   .   k - +0 robe
rPois    .         Reflect  .   (helmet unavailable)
rElec    .         Harm     .   (no cloak)
rCorr    .         Rampage  .   B - +0 pair of gloves
Will     .....                  g - +0 pair of boots
Stlth    ++++......             (no amulet)
HPRegen  0.20/turn              q - ring of wizardry
MPRegen  0.16/turn              e - ring of protection from fire

@: brilliant
A: permanent stasis, dig shafts and tunnels, antennae 3, four strong arms, frail
1
a: Dig, Renounce Religion, Receive Corpses


You were in a bailey.
You worshipped Kikubaaqudgha.
Kikubaaqudgha was aware of your devotion.
You visited 2 branches of the dungeon, and saw 10 of its levels.
You visited the Abyss 1 time.
You also visited: Bailey.

You collected 501 gold pieces.
You spent 156 gold pieces at shops.

Inventory:

Hand Weapons
 a - a +2 dagger of venom (weapon)
 b - a +1 dagger of protection
 h - a +4 war axe
 v - a +2 vorpal flail
Missiles
 f - 141 stones
 j - 138 arrows
 n - 12 javelins
 o - 51 sling bullets
 p - 125 bolts
 r - a throwing net
Armour
 g - a +0 pair of boots (worn)
 k - a +0 robe (worn)
 B - a +0 pair of gloves (worn)
 K - the +1 ring mail of Uskayaw's Regard {rC+}
   (You found it on level 8 of the Dungeon)

   rC:        It protects you from cold.
Magical Staves
 m - a staff of fire
Jewellery
 e - a ring of protection from fire (right hand)
 q - a ring of wizardry (left hand)
 x - a ring of protection from fire
 A - a ring of protection from cold
Wands
 d - a wand of mindburst (7)
 C - a wand of paralysis (17)
 D - a wand of flame (11)
 H - a wand of polymorph (3)
 L - a wand of iceblast (9)
Scrolls
 i - 3 scrolls of vulnerability
 s - 2 scrolls of immolation
 w - 2 scrolls of enchant armour
 y - a scroll of holy word {unknown}
 z - a scroll of identify
 E - 2 scrolls of enchant weapon
 F - 2 scrolls of brand weapon
 G - a scroll of teleportation {unknown}
 I - a scroll of blinking
 J - a scroll of fog {unknown}
Potions
 c - a potion of might {unknown}
 l - 3 potions of heal wounds
 t - a potion of magic {unknown}
 u - 5 potions of brilliance


   Skills:
 * Level 5.3 Fighting
 * Level 5.2 Armour
 * Level 3.2 Dodging
 * Level 8.2 Stealth
 - Level 7.0 Spellcasting
 - Level 6.0 Conjurations


You had 19 spell levels left.
You knew the following spells:

 Your Spells              Type           Power      Damage    Failure   Level
a - Searing Ray           Conj           78%        3d6       1%          2
c - Magic Dart            Conj           100%       1d8       1%          1

Your spell library contained the following spells:

 Spells                   Type           Power      Damage    Failure   Level
 Apportation              Tloc           16%        N/A       4%          1
 Pain                     Necr           32%        1d5       4%          1
 Dazzling Flash           Conj/Hex       48%        N/A       4%          3
 Stone Arrow              Conj/Erth      48%        3d10      4%          3
 Corpse Rot               Necr/Air       N/A        N/A       7%          2
 Sublimation of Blood     Necr           4%         N/A       7%          2
 Fulminant Prism          Conj/Hex       12%        3d9       13%         4
 Iskenderun's Mystic Bla  Conj/Tloc      24%        2d7       13%         4
 Vampiric Draining        Necr           4%         2d6       14%         3
 Bolt of Magma            Conj/Fire/Erth 9%         4d7       45%         5
 Agony                    Necr           8%         N/A       75%         5
 Alistair's Intoxication  Tmut/Pois      5%         N/A       75%         5
 Silence                  Hex/Air        4%         N/A       75%         5
 Invisibility             Hex            4%         N/A       99%         6
 Shatter                  Erth           4%         3d7*      100%        9


Dungeon Overview and Level Annotations

Branches:
Dungeon (9/15)             Temple (1/1) D:6          Bailey (1/1)
   Lair: D:8-11         Orc: D:9-12

Altars:
Ashenzari
Cheibriados
Dithmenos
Elyvilon
Fedhas
Gozag
Hepliaklqana
Kikubaaqudgha
Makhleb
Nemelex Xobeh
Okawaru
Qazlal
Ru
Trog
Uskayaw
Vehumet
Wu Jian
Xom
Yredelemnul
Zin
The Shining One
Lugonu

Shops:
D:1 *   D:5 *   D:6 *!


Innate Abilities, Weirdness & Mutations

You cannot be hasted, slowed, berserked, paralysed or teleported.
You can dig through walls and to a lower floor.
You have a pair of large antennae on your head. (SInv)
Your four strong arms can wield two-handed weapons with a shield.
You are frail. (-10% HP)


Message History

Press: ? - help, Shift-Dir - straight line, f - large abomination
Aim: a large abomination (durably summoned, chance to affect: 1%)
Okay, then.
Unknown command.
Press: ? - help, v - describe, . - travel
Here: a large abomination (durably summoned)
The floor.
Unknown command.
You feel clever all of a sudden.
The small abomination closely misses you.
The small abomination hits you.
Casting: Magic Dart (safe; 1% risk of failure)
Confirm with . or Enter, or press ? or * to list all spells.
Aiming: Searing Ray (safe; 1% risk of failure)
Press: ? - help, Shift-Dir - straight line, f - large abomination
Aim: a large abomination (durably summoned, 91% to hit)
You feel a surge of power!
The searing ray hits the small abomination.
The small abomination is lightly damaged.
The searing ray hits the large abomination.
The large abomination is lightly damaged. (Press . to maintain the ray.)
The small abomination barely misses you.
The searing ray hits the small abomination.
The small abomination is lightly damaged.
The searing ray hits the large abomination.
The large abomination is lightly damaged.
The small abomination barely misses you.
The searing ray hits the large abomination!
The large abomination is moderately damaged.
The large abomination hits you! The small abomination hits you!
The small abomination closely misses you.
The small abomination closely misses you.
The small abomination barely misses you.
The small abomination hits you!
You see here a +0 halberd.
The small abomination hits you!!
You die...
Kikubaaqudgha rasps: "You have failed me!
Welcome... death!"

# ############ ..
##.....@..∩.## ...
######.......x))..#
....#{o..#).....X.))).#
.{..{...)'..........)∩#
{...#....#).....o.)...#
... ######............#
.. ##.....)..∩.## #
############


You could see a large abomination, a small abomination and an orc (wandering).

Vanquished Creatures
  A hornet (D:5)
  2 wyverns
  3 water moccasins
  A sky beast (D:7)
  An orc warrior (D:7)
  3 necrophages
  An ogre (D:5)
  3 phantoms
  A bullfrog (D:8)
  A water moccasin skeleton (D:4)
  2 centaur zombies
  2 jellies
  2 orc priests
  3 hounds
  5 iguanas
  10 orc wizards
  10 gnolls
  7 adders
  2 white imps
  An ufetubus (D:5)
  An adder skeleton (D:4)
  4 dart slugs
  36 orcs
  5 endoplasms
  4 giant cockroaches
  7 hobgoblins
  2 jackals (D:3)
  7 kobolds
  4 quokkas
  10 ball pythons
  5 bats
  3 frilled lizards
  13 goblins
  4 rats
166 creatures vanquished.

Notes
Turn   | Place    | Note
-------+----------+-------------------------------------------
     0 | D:1      | DildoBatman the Formicid Conjurer began the quest for the
                  | Orb.
     0 | D:1      | Reached XP level 1. HP: 13/13 MP: 3/3
   145 | D:1      | Found Romiliwiu's General Store.
   254 | D:1      | Reached XP level 2. HP: 19/19 MP: 0/5
   257 | D:1      | Learned a level 2 spell: Searing Ray
   448 | D:1      | Found a faded altar of an unknown god.
   456 | D:1      | Became a worshipper of Lugonu the Unformed
   456 | D:1      | Reached * piety under Lugonu
   456 | D:1      | Reached ** piety under Lugonu
   815 | D:1      | Reached XP level 3. HP: 24/24 MP: 3/6
  1223 | D:2      | Reached XP level 4. HP: 30/30 MP: 2/7
  1250 | D:2      | Reached skill level 5 in Conjurations
  1751 | D:2      | Reached *** piety under Lugonu
  1979 | D:3      | Reached XP level 5. HP: 34/35 MP: 8/8
  2362 | D:3      | Reached XP level 6. HP: 42/42 MP: 3/9
  2474 | D:4      | Reached skill level 1 in Fighting
  2474 | D:4      | Reached skill level 1 in Armour
  2905 | D:4      | Reached XP level 7. HP: 35/50 MP: 1/12
  3235 | D:4      | Reached skill level 5 in Spellcasting
  3714 | D:5      | Entered Level 5 of the Dungeon
  3725 | D:5      | Reached **** piety under Lugonu
  3726 | D:5      | Reached XP level 8. HP: 53/56 MP: 12/17
  4195 | D:5      | Found Mok Rug's General Store.
  4299 | D:5      | Reached skill level 3 in Stealth
  4459 | D:5      | Noticed a hornet
  4466 | D:5      | Killed a hornet
  4466 | D:5      | HP: 1/56 [poisoned by a hornet]
  4467 | D:5      | Reached skill level 6 in Stealth
  4886 | D:6      | Found Qiatis's Neck Hole.
  4935 | D:6      | Reached XP level 9. HP: 62/62 MP: 11/19
  5016 | D:6      | Found a staircase to the Ecumenical Temple.
  5026 | Temple   | Entered the Ecumenical Temple
  5124 | Temple   | Fell from the grace of Lugonu
  5124 | Temple   | Became a worshipper of Kikubaaqudgha
  5371 | D:6      | Found Itiaho's Distillery.
  5378 | D:6      | Bought a potion of mutation for 96 gold pieces
  5378 | D:6      | Bought a potion of heal wounds for 60 gold pieces
  5378 | D:6      | Gained mutation: You are frail. (-10% HP) [potion of
                  | mutation]
  5766 | D:7      | Reached skill level 7 in Stealth
  6055 | D:7      | Noticed an ancient zyme
  6055 | D:7      | Noticed a thrashing horror
  6303 | D:7      | Noticed a wretched star
  6328 | D:8      | Reached * piety under Kikubaaqudgha
  6328 | D:8      | Received a gift from Kikubaaqudgha
  6337 | D:8      | Identified the +1 ring mail of Uskayaw's Regard {rC+}
  6341 | D:8      | Reached skill level 8 in Stealth
  6354 | D:8      | Reached skill level 5 in Armour
  6355 | D:8      | Reached skill level 5 in Fighting
  6459 | D:8      | Identified the +10 dagger "Pendulum" {venom, *Rage rElec
                  | rF++ SInv}
  6515 | D:8      | Noticed a thrashing horror
  6515 | D:8      | Noticed a tentacled starspawn
  6515 | D:8      | Cast into level 1 of the Abyss (Lugonu's touch)
  6577 | Abyss:1  | Found a corrupted altar of Lugonu.
  6603 | Abyss:1  | Noticed a thrashing horror
  6662 | Abyss:2  | Noticed a large abomination
  6666 | D:8      | Escaped the Abyss
  6671 | D:8      | You fall into a shaft and drop 1 floor!
  6905 | D:8      | Found a flagged portal.
  6910 | Bailey   | Entered a bailey
  7186 | Bailey   | Noticed a large abomination
  7202 | Bailey   | Slain by a small abomination

Illustrated notes

Levels and vault maps discovered:
D:1:      dpeg_arrival_simpleton_c, layout_basic,
          shapermc_ecumenical_altar_venn, serial_shops, shop, hex_tiny,
          minmay_unequal
D:2:      layout_basic
D:3:      layout_rooms
D:4:      layout_loops_cross, kennysheep_decorative_pillar, grunt_ministairs_8,
          kennysheep_dice
D:5:      layout_basic, serial_rivers, chequers_serial_rivers_large_a,
          chequers_serial_rivers_room_a, chequers_serial_rivers_marsh,
          chequers_serial_rivers_micro_d, serial_shops, shop_statue,
          minmay_between
D:6:      layout_rooms, minmay_temple_entry_arrows, serial_shops, shop,
          nicolae_shop_sticking_my_neck_out
D:7:      cheibrodos_shockbox, layout_cave_pools, dk_noncrumbling_4,
          supply_closet_lemuel, kennysheep_generic_room_10
D:8:      minmay_flawed_box, layout_rooms, serial_shops, shop_statue,
          enter_bailey_3, minmay_bent
D:9:      layout_gridville, lair_entry_dummy, minmay_puff, uniq_grum
Temple:   compressed_dpeg_circular_temple
Bailey:   bailey_polearm_5, bailey

Skill      XL: |  1  2  3  4  5  6  7  8  9 |
---------------+----------------------------+-----
Conjurations   | 4 5 6 |  6.0
Fighting       | 2 5 |  5.3
Armour         | 2 5 |  5.2
Spellcasting   | 3 6 7 |  7.0
Stealth        | 6 8 |  8.2
Dodging        | 2 3 |  3.2

Action                   |  1- 3 |  4- 6 |  7- 9 || total
-------------------------+-------+-------+-------++-------
Melee: Unarmed           |     4 |       |       ||     4
       Dagger            |       |    24 |    21 ||    45
 Cast: Magic Dart        |    32 |     9 |    37 ||    78
       Searing Ray       |     6 |    29 |    69 ||   104
 Abil: Dig               |     7 |     7 |    27 ||    41
       Shaft Self        |       |       |     2 ||     2
Evoke: Wand              |       |       |     3 ||     3
  Use: Potion            |       |       |     6 ||     6
       Scroll            |       |       |     8 ||     8
 Stab: Sleeping          |       |     1 |       ||     1
Armor: Robe              |     2 |     7 |    21 ||    30
Dodge: Dodged            |     9 |    24 |    49 ||    82
